 Dungeon Sprint DCSS version 0.21-a0-251-g5e8393f (webtiles) character file.

2662 Kidiri the Thaumaturge (level 9, -1/55 HPs)
             Began as a Deep Elf Fire Elementalist on Sept 5, 2017.
             Was an Elder of Vehumet.
             Succumbed to a redback's poison
             ... in the Dungeon (Sprint III: "The Ten Rune Challenge").
             The game lasted 00:09:27 (1560 turns).

Kidiri the Thaumaturge (Deep Elf Fire Elementalist) Turns: 1560, Time: 00:09:28

Health: -1/55      AC:  7    Str:  5    XL:     9   Next: 36%
Magic:  17/29      EV: 18    Int: 22    God:    Vehumet [****..]
Gold:   13         SH:  4    Dex: 18    Spells: 8/36 levels left

rFire    + . .     SeeInvis .   b - +0 dagger
rCold    . . .     Gourm    .   (no shield)
rNeg     . . .     Faith    .   a - +0 robe
rPois    .         Spirit   .   (no helmet)
rElec    .         Reflect  .   (no cloak)
rCorr    .         Harm     .   l - +0 pair of gloves {Dex+3}
MR       .....     NoTele   +   (no boots)
Stlth    ++........             (no amulet)
HPRegen  0.18/turn              (no ring)
MPRegen  0.21/turn              (no ring)

@: lethally poisoned (-1 -> -15), berserk cooldown, slowed, very slow
A: iridescent scales 1, large bone plates 1, rugged brown scales 1, dopey 1,
fire resistance 1, shaggy fur 1
a: Renounce Religion


You were in the Dungeon.
You worshipped Vehumet.
Vehumet was greatly pleased with you.
You were not hungry.

You visited 1 branch You collected 13 gold pieces.

Inventory:

Hand Weapons
 b - a +0 dagger (weapon)
Armour
 a - a +0 robe (worn)
 l - a +0 pair of gloves of dexterity (worn)
Wands
 t - a wand of flame (23/48)
Scrolls
 i - a scroll of blinking
 k - 2 scrolls of immolation
 m - 3 scrolls of remove curse
 p - a scroll of amnesia {unknown}
Potions
 d - a potion of mutation
 f - 2 potions of haste
 g - 2 potions of magic
 h - a potion of berserk rage
 o - 2 potions of flight
Comestibles
 c - 2 bread rations
 n - 5 chunks of flesh


   Skills:
 + Level 5.0 Fighting
 + Level 6.0 Short Blades
 + Level 5.0 Armour
 + Level 7.7 Dodging
 - Level 2.4 Stealth
 * Level 14.2 Spellcasting
 + Level 8.6 Conjurations
 + Level 9.4 Fire Magic
 + Level 6.0 Air Magic
 + Level 6.6 Poison Magic


You had 8 spell levels left.
You knew the following spells:

 Your Spells              Type           Power        Failure   Level  Hunger
a - Flame Tongue          Conj/Fire      #####        1%          1    None
b - Throw Flame           Conj/Fire      ######       1%          2    None
c - Conjure Flame         Conj/Fire      ######..     1%          3    None
d - Inner Flame           Hex/Fire       #####...     1%          3    None
e - Ignite Poison         Fire/Tmut/Pois #####...     1%          3    None
f - Sticky Flame          Conj/Fire      ######..     1%          4    None
g - Fireball              Conj/Fire      ######....   1%          5    ###....
h - Airstrike             Air            #####.....   1%          4    None
i - Mephitic Cloud        Conj/Pois/Air  #####...     1%          3    None


Dungeon Overview and Level Annotations

Branches:
Dungeon (1/1)

Altars:
Cheibriados
Dithmenos
Elyvilon
Fedhas
Gozag
Hepliaklqana
Kikubaaqudgha
Makhleb
Nemelex Xobeh
Okawaru
Qazlal
Ru
Sif Muna
Trog
Uskayaw
Vehumet
Wu Jian
Xom
Yredelemnul
Zin
The Shining One
Beogh
Jiyva
Lugonu

Annotations:
D exclusion: door


Innate Abilities, Weirdness & Mutations

You are partially covered in iridescent scales. (AC +2)
You are partially covered in large bone plates. (SH +4)
You are partially covered in rugged brown scales. (AC +1, +3% HP)
You are dopey. (Int -2)
Your flesh is heat resistant. (rF+)
You are covered in fur. (AC +1)


Message History

You feel sick.
A red film seems to cover your vision as you go berserk!
You feel yourself moving faster!
You feel mighty!
* * * LOW HITPOINT WARNING * * *
You feel sick.
You feel a strong urge to attack something.
* * * LOW HITPOINT WARNING * * *
You feel sick.
* * * LOW HITPOINT WARNING * * *
You feel sick.
You feel your anger subside.
You are no longer berserk.
You are exhausted.
You feel yourself slow down.
* * * LOW HITPOINT WARNING * * *
You feel sick.
* * * LOW HITPOINT WARNING * * *
You feel sick.
* * * LOW HITPOINT WARNING * * *
You feel sick.
You die...

#%_# #+## ...# ...# ##'#
...#+############## ###
...#)...#.#.#.....# ....
...##.#..#.##.###)# .....
...'##)#.#.##.#.@##......
...#.).#..#..##).+.^.....
▓▓▓▓▓▓▓▓▓▓▓▓▓▓▓▓▓#.......
....... ..^.... .......
#+#####


There were no monsters in sight!

Vanquished Creatures
  Erolcha (D)
  A deep elf mage (D)
  2 redbacks (D)
  A shadow (D)
  A spatial vortex (D)
  A necrophage (D)
  5 two-headed ogres (D)
  A water elemental (D)
  A jelly (D)
  A wizard (D)
  A necromancer (D)
  3 humans (D)
  A kobold demonologist (D)
  A wolf (D)
  An ooze (D)
  3 rats (D)
25 creatures vanquished.

Vanquished Creatures (others)
  2 draconian scorchers (D)
  6 hellions (D)
  2 yaktaurs (D)
10 creatures vanquished.

Grand Total: 35 creatures vanquished

Notes
Turn   | Place    | Note
-------+----------+-------------------------------------------
     0 | D        | Kidiri the Deep Elf Fire Elementalist began the quest for the Orb.
     0 | D        | Reached XP level 1. HP: 10/10 MP: 6/6
     9 | D        | Reached skill level 4 in Spellcasting
    11 | D        | Killed a yaktaur
   106 | D        | Killed a hellion
   107 | D        | Killed a hellion
   107 | D        | Killed a hellion
   107 | D        | Killed a hellion
   127 | D        | Killed a hellion
   127 | D        | Killed a hellion
   159 | D        | Killed a white draconian scorcher
   191 | D        | Reached skill level 6 in Spellcasting
   191 | D        | Reached XP level 2. HP: 13/15 MP: 0/11
   198 | D        | Learned a level 2 spell: Throw Flame
   237 | D        | Killed a white draconian scorcher
   310 | D        | Reached XP level 3. HP: 6/19 MP: 8/13
   315 | D        | Learned a level 3 spell: Conjure Flame
   319 | D        | Learned a level 3 spell: Inner Flame
   338 | D        | Gained mutation: You do not regenerate when monsters are visible. [potion of mutation]
   338 | D        | Gained mutation: Your flesh is heat resistant. (rF+) [potion of mutation]
   338 | D        | Gained mutation: You are covered in fur. (AC +1) [potion of mutation]
   339 | D        | Lost mutation: You do not regenerate when monsters are visible. [potion of mutation]
   339 | D        | Gained mutation: You are partially covered in iridescent scales. (AC +2) [potion of mutation]
   339 | D        | Gained mutation: You are partially covered in large bone plates. (SH +4) [potion of mutation]
   339 | D        | Gained mutation: You are dopey. (Int -2) [potion of mutation]
   339 | D        | Gained mutation: You are partially covered in rugged brown scales. (AC +1, +3% HP) [potion of mutation]
   521 | D        | Noticed a water elemental
   524 | D        | Killed a water elemental
   524 | D        | Reached skill level 8 in Spellcasting
   524 | D        | Reached skill level 5 in Fire Magic
   524 | D        | Reached XP level 4. HP: 24/24 MP: 9/16
   530 | D        | Learned a level 4 spell: Sticky Flame
   569 | D        | Found a radiant altar of Vehumet.
   570 | D        | Found a deep blue altar of Sif Muna.
   570 | D        | Found an ancient bone altar of Kikubaaqudgha.
   570 | D        | Noticed a wizard
   573 | D        | Noticed a chaos spawn
   573 | D        | Killed a wizard
   573 | D        | Reached skill level 9 in Spellcasting
   573 | D        | Reached skill level 5 in Conjurations
   574 | D        | Reached XP level 5. HP: 28/28 MP: 7/19
   587 | D        | Learned a level 5 spell: Fireball
   591 | D        | Learned a level 3 spell: Mephitic Cloud
   597 | D        | Became a worshipper of Vehumet
   646 | D        | Found a glowing silver altar of Zin.
   647 | D        | Found a glowing golden altar of the Shining One.
   647 | D        | Found a white marble altar of Elyvilon.
   647 | D        | Noticed a deep elf mage
   653 | D        | Killed a deep elf mage
   653 | D        | Reached skill level 11 in Spellcasting
   653 | D        | Reached XP level 6. HP: 37/37 MP: 8/22
   653 | D        | Reached XP level 7. HP: 41/41 MP: 8/24
   782 | D        | Found an ornate altar of the Wu Jian Council.
   782 | D        | Found a roughly hewn altar of Beogh.
   782 | D        | Found an iron altar of Okawaru.
   782 | D        | Found a bloodstained altar of Trog.
   782 | D        | Found a hide-covered altar of Uskayaw.
   782 | D        | Noticed a human
   784 | D        | Noticed a human
   786 | D        | Killed a human
   786 | D        | Reached skill level 5 in Dodging
   790 | D        | Killed a human
   790 | D        | Reached * piety under Vehumet
   790 | D        | Offered knowledge of Freeze by Vehumet.
   790 | D        | Reached skill level 12 in Spellcasting
   895 | D        | Found a basalt altar of Yredelemnul.
   895 | D        | Found a shadowy altar of Dithmenos.
   895 | D        | Found a sacrificial altar of Ru.
   950 | D        | Noticed a shadow
   952 | D        | Offered knowledge of Shock by Vehumet.
   952 | D        | Reached ** piety under Vehumet
   952 | D        | Killed a shadow
   952 | D        | Reached XP level 8. HP: 49/49 MP: 19/26
   999 | D        | Found a blossoming altar of Fedhas.
   999 | D        | Found a stormy altar of Qazlal.
   999 | D        | Found a snail-covered altar of Cheibriados.
   999 | D        | Found a burning altar of Makhleb.
   999 | D        | Found a shimmering altar of Xom.
  1000 | D        | Found a hazy altar of Hepliaklqana.
  1000 | D        | Found an opulent altar of Gozag.
  1000 | D        | Found a sparkling altar of Nemelex Xobeh.
  1000 | D        | Found a corrupted altar of Lugonu.
  1000 | D        | Found a viscous altar of Jiyva.
  1014 | D        | Reached skill level 5 in Poison Magic
  1080 | D        | Offered knowledge of Ignite Poison by Vehumet.
  1085 | D        | Learned a level 3 spell: Ignite Poison
  1090 | D        | Reached *** piety under Vehumet
  1090 | D        | Reached skill level 13 in Spellcasting
  1091 | D        | Killed a yaktaur
  1235 | D        | Noticed a two-headed ogre
  1248 | D        | Killed a two-headed ogre
  1248 | D        | Reached skill level 5 in Short Blades
  1248 | D        | Reached skill level 5 in Air Magic
  1474 | D        | Noticed a two-headed ogre
  1474 | D        | Noticed Erolcha
  1479 | D        | Killed a two-headed ogre
  1479 | D        | Offered knowledge of Airstrike by Vehumet.
  1479 | D        | Killed Erolcha
  1479 | D        | Reached skill level 14 in Spellcasting
  1479 | D        | Reached XP level 9. HP: 54/54 MP: 18/29
  1485 | D        | Learned a level 4 spell: Airstrike
  1542 | D        | Reached **** piety under Vehumet
  1545 | D        | Offered knowledge of Iskenderun's Mystic Blast by Vehumet.
  1545 | D        | Reached skill level 5 in Fighting
  1545 | D        | Reached skill level 5 in Armour
  1558 | D        | HP: 2/55 [poisoned by a redback]
  1560 | D        | Succumbed to a redback's poison

Vault maps used:
D:        dungeon_sprint_mu

Skill      XL: |  1  2  3  4  5  6  7  8  9 |
---------------+----------------------------+-----
Spellcasting   | 6 8 9 11 12 14 | 14.2
Conjurations   | 2 3 4 5 6 7 8 |  8.6
Fire Magic     | 4 5 6 7 8 9 |  9.4
Fighting       | 2 3 4 5 |  5.0
Short Blades   | 3 4 5 6 |  6.0
Armour         | 2 3 4 5 |  5.0
Dodging        | 4 6 7 |  7.7
Air Magic      | 3 4 5 6 |  6.0
Poison Magic   | 3 4 6 |  6.6
Stealth        | |  2.4

Action                   |  1- 3 |  4- 6 |  7- 9 || total
-------------------------+-------+-------+-------++-------
Melee: Unarmed           |     1 |       |       ||     1
       Dagger            |       |       |     3 ||     3
 Cast: Flame Tongue      |    24 |     4 |    27 ||    55
       Conjure Flame     |     1 |       |     5 ||     6
       Sticky Flame      |       |     3 |     9 ||    12
       Mephitic Cloud    |       |     1 |     7 ||     8
       Inner Flame       |       |       |     2 ||     2
       Ignite Poison     |       |       |     3 ||     3
       Airstrike         |       |       |     3 ||     3
  Use: Potion            |     3 |       |     3 ||     6
       Scroll            |     2 |       |       ||     2
  Eat: Royal jelly       |       |       |     2 ||     2
       Chunk             |       |       |     1 ||     1
Armor: Robe              |       |     2 |     1 ||     3
Dodge: Dodged            |    12 |     2 |    11 ||    25
Block: Other             |       |       |     4 ||     4

Table legend:
 A = Spawn XP
 B = Non-spawn XP
 C = Spawn XP percentage of total XP
 D = Spawn monster count
 E = Non-spawn monster count
 F = Spawn count percentage of total count
 G = Total turns spent on level
                    A         B        C        D         E        F      G
               +---------+---------+-------+---------+---------+-------+---------
         Total |       0 |    3803 |   0.0 |       0 |      25 |   0.0 |  1560
               +---------+---------+-------+---------+---------+-------+---------
             D |       0 |    3803 |   0.0 |       0 |      25 |   0.0 |  1560
               +---------+---------+-------+---------+---------+-------+---------
